 Dungeon Crawl Stone Soup version 0.30.0-19-g36f170ea60 (webtiles) character file.

Game seed: 8154279067012501165

446 Graphine the Chiller (level 6, 0/52 HPs)
             Began as a Draconian Ice Elementalist on May 31, 2023.
             Was a Believer of Sif Muna.
             Slain by Rello's ghost (18 damage)
             ... on level 4 of the Dungeon.
             The game lasted 00:08:28 (3766 turns).

Graphine the Chiller (Draconian Ice Elementalist)   Turns: 3766, Time: 00:08:28

Health: 0/52       AC: 12    Str: 10    XL:     6   Next: 73%
Magic:  0/12       EV: 11    Int: 18    God:    Sif Muna [**....]
Gold:   179        SH:  3    Dex: 11    Spells: 6/13 levels left

rFire   . . .        a - +0 dagger (drain)
rCold   . . .        j - +0 buckler
rNeg    . . .        (body armour unavailable)
rPois   .            (helmet restricted)
rElec   .            (no cloak)
rCorr   .            (no gloves)
SInv    .            (no boots)
Will    +....        f - amulet of regeneration
Stlth   ++           q - ring of willpower
HPRegen 1.08/turn    (no ring)
MPRegen 0.13/turn

%: no passive effects
@: ice-armoured
A: AC +6, unfitting armour, cold-blooded
a: Renounce Religion, Channel Magic


You were on level 4 of the Dungeon.
You worshipped Sif Muna.
Sif Muna was pleased with you.
You visited 1 branch of the dungeon, and saw 5 of its levels.

You collected 179 gold pieces.

Inventory:

Hand Weapons
 a - a +0 dagger of draining (weapon)
 e - a +0 dagger
Armour
 d - a +1 kite shield
 j - a +0 buckler (worn)
Magical Staves
 o - a staff of earth
Jewellery
 f - an amulet of regeneration (around neck)
 q - a ring of willpower (left hand)
Wands
 t - a wand of paralysis (3)
Scrolls
 l - a scroll of fear
 n - a scroll of noise
Potions
 b - a potion of ambrosia {unknown}
 c - a potion of brilliance
 g - 3 potions of attraction
 h - 3 potions of curing {unknown}
 i - a potion of might {unknown}
 k - a potion of lignification {unknown}
 p - a potion of haste {unknown}
 r - a potion of magic
 s - a potion of cancellation {unknown}
 u - a potion of mutation {unknown}


   Skills:
 + Level 4.2 Fighting
 - Level 1.7 Dodging
 - Level 1.7 Stealth
 + Level 4.1 Spellcasting
 + Level 5.7 Ice Magic


You had 6 spell levels left.
You knew the following spells:

 Your Spells              Type           Power      Damage    Failure   Level
a - Freeze                Ice            96%        1d10      1%          1
b - Frozen Ramparts       Ice            48%        1d8       6%          3
c - Ozocubu's Armour      Ice            24%        N/A       6%          3

Your spell library contained the following spells:

 Spells                   Type           Power      Damage    Failure   Level
 Summon Ice Beast         Ice/Summ       14%        N/A       56%         4


Dungeon Overview and Level Annotations

Branches:
Dungeon (5/15)
 Temple: D:4-7

Altars:
Dithmenos
Sif Muna

Shops:
D:1 :   D:3 [

Annotations:
D:4 Rello's ghost, novice HOFi


Innate Abilities, Weirdness & Mutations

Your plain brown scales are hard. (AC +6)
You cannot fit into any form of body armour.
You are cold-blooded and may be slowed by cold attacks.


Message History

Okay, then.
Casting: Ozocubu's Armour (dangerous; 6% risk of failure)
Confirm with . or Enter, or press ? or * to list all spells.
Aiming: Freeze (safe; 1% risk of failure)
Press: ? - help, Shift-Dir - straight line, f - Rello's ghost
Aim: Rello's ghost, wielding an antimagic weapon
Okay, then.
Okay, then.
Casting: Freeze (safe; 1% risk of failure)
Confirm with . or Enter, or press ? or * to list all spells.
A film of ice covers your body! You block Rello's ghost's attack.
Hit: a) +0 dagger (drain)
Press: ? - help, Dir - move target, f - Rello's ghost
Aim: Rello's ghost, wielding an antimagic weapon (about 23% to evade your +0 dagger of draining)
You barely miss Rello's ghost.
Rello's ghost whispers, "There is no future for you."
Rello's ghost barely misses you.
Hit: a) +0 dagger (drain)
Press: ? - help, Dir - move target, f/p - Rello's ghost
Aim: Rello's ghost, wielding an antimagic weapon (about 23% to evade your +0 dagger of draining)
You hit Rello's ghost but do no damage.
Your tail-slap misses Rello's ghost.
Rello's ghost hits you!
You feel your power leaking away.
Rello's ghost hits you but does no damage.
Hit: a) +0 dagger (drain)
Press: ? - help, Dir - move target, f/p - Rello's ghost
Aim: Rello's ghost, wielding an antimagic weapon (about 23% to evade your +0 dagger of draining)
You hit Rello's ghost but do no damage.
Your tail-slap misses Rello's ghost.
Rello's ghost completely misses you.
Unknown command.
Hit: a) +0 dagger (drain)
Press: ? - help, Dir - move target, f/p - Rello's ghost
Aim: Rello's ghost, wielding an antimagic weapon (about 23% to evade your +0 dagger of draining)
You hit Rello's ghost but do no damage. Rello's ghost hits you!
Unknown command.
Hit: a) +0 dagger (drain)
Press: ? - help, Dir - move target, f/p - Rello's ghost
Aim: Rello's ghost, wielding an antimagic weapon (about 23% to evade your +0 dagger of draining)
You hit Rello's ghost but do no damage. Rello's ghost hits you!!
You die...

.............## ####.
..##..........# #....#
).............# #.#...
.###....#...#.# .....#######
.#........#...######.##...#....#
.#.#..#.####............#<#.##.#
...#..#.# ##.......##.......#.#
.###..#.#######..W..##....#..#.#
......#.........@......#.....#.#
.###..#<............(.....##.#.#
...#.##...................# .#.#
.#.#....................... .#.#
.#...######.....##############.##
.# #.# #.....# #............. ..
..# ##.....####.#########.#. ##
### #......#....# #.#.
#........###### #.##


You could see Rello's ghost.

Vanquished Creatures
  Sigmund (D:2)
  A scorpion (D:3)
  Jessica (D:3)
  Terence (D:3)
  Robin (D:3)
  7 adders
  A worm (D:3)
  3 dart slugs
  3 orcs
  6 endoplasms
  5 giant cockroaches
  17 goblins
  10 hobgoblins
  4 jackals (D:2)
  2 kobolds
  A quokka (D:2)
  5 ball pythons
  8 bats
  2 frilled lizards (D:1)
  7 rats
86 creatures vanquished.

Notes
Turn   | Place    | Note
-------+----------+-------------------------------------------
     0 | D:1      | Graphine the Draconian Ice Elementalist began the quest for
                  | the Orb.
     0 | D:1      | Reached XP level 1. HP: 14/14 MP: 3/3
   386 | D:1      | Reached XP level 2. HP: 22/22 MP: 1/5
   446 | D:1      | Reached skill level 1 in Fighting
   698 | D:1      | Found Edafuot's Vocational Training.
  1423 | D:2      | You fall into a shaft and drop 1 floor!
  1423 | D:3      | Found a shimmering blue altar of Sif Muna.
  1423 | D:3      | Found a shadowy altar of Dithmenos.
  1428 | D:3      | Became a worshipper of Sif Muna the Loreminder
  1495 | D:3      | Noticed Robin
  1513 | D:3      | Killed Robin
  1514 | D:3      | Reached XP level 3. HP: 22/29 MP: 1/6
  1672 | D:3      | Noticed Jessica
  1677 | D:3      | Killed Jessica
  1678 | D:3      | Reached XP level 4. HP: 34/36 MP: 4/8
  1684 | D:3      | Learned a level 3 spell: Frozen Ramparts
  1688 | D:3      | Learned a level 3 spell: Ozocubu's Armour
  1797 | D:2      | Reached * piety under Sif Muna
  2016 | D:2      | Noticed Sigmund
  2039 | D:2      | Killed Sigmund
  2040 | D:2      | Reached skill level 5 in Ice Magic
  2040 | D:2      | Reached XP level 5. HP: 41/45 MP: 2/10
  2040 | D:2      | Reached XP level 6. HP: 46/51 MP: 2/11
  2592 | D:2      | Reached ** piety under Sif Muna
  2892 | D:3      | Found Asoaj's Armour Shoppe.
  3059 | D:3      | Noticed Terence
  3068 | D:3      | Killed Terence
  3133 | D:3      | Found a faded altar of an unknown god.
  3626 | D:4      | Found a runed translucent door.
  3652 | D:4      | Noticed Rello's ghost (novice HOFi)
  3681 | D:5      | Entered Level 5 of the Dungeon
  3766 | D:4      | Slain by Rello's ghost

Illustrated notes

Levels and vault maps discovered:
D:1:      kennysheep_arrival_seaside, layout_basic, nicolae_shop_vocational
D:2:      cheibrodos_greedy_goblins, layout_basic, serial_corexii_hall,
          corexii_hall_statues_x, chequers_hall_statues_corner_a,
          minmay_parallelograms, uniq_sigmund
D:3:      layout_basic, nicolae_overflow_squiral, serial_shops, shop,
          basic_ecumenical_altar, uniq_terence, uniq_robin, uniq_jessica
D:4:      layout_basic, nicolae_elyvilon_temple_path, zin_purify,
          ebering_ghost_sewer_d, kennysheep_pointless_box,
          minmay_misc_feat_roman, minmay_misc_feat_room, chequers_arboretum
D:5:      layout_loops_ring

Skill      XL: |  1  2  3  4  5  6 |
---------------+-------------------+-----
Fighting       | 1 2 3 4 |  4.2
Spellcasting   | 3 4 |  4.1
Ice Magic      | 5 |  5.7
Dodging        | |  1.7
Stealth        | |  1.7

Action                     |  1- 3 |  4- 6 || total
---------------------------+-------+-------++-------
  Melee: Unarmed           |     7 |       ||     7
         Dagger            |    46 |   118 ||   164
         Tailslap          |     5 |    19 ||    24
   Cast: Freeze            |    39 |     3 ||    42
         Frozen Ramparts   |       |     8 ||     8
         Ozocubu's Armour  |       |     6 ||     6
    Use: Potion            |     1 |       ||     1
         Scroll            |       |    10 ||    10
   Stab: Sleeping          |     4 |     6 ||    10
 Armour: Skin              |    17 |    42 ||    59
  Dodge: Dodged            |    45 |    68 ||   113
  Block: Buckler           |       |     6 ||     6
